 Dungeon Crawl Stone Soup version 0.29.0-5-ge4962eb29e (webtiles) character file.

Game seed: 9595500173333765236

15493 nickcage the Bludgeoner (level 12, -2/104 HPs)
             Began as a Minotaur Abyssal Knight on Aug 29, 2022.
             Was the Champion of Lugonu.
             Slain by a manticore (6 damage)
             ... on level 11 of the Dungeon.
             The game lasted 00:30:51 (14514 turns).

nickcage the Bludgeoner (Minotaur Abyssal Knight)  Turns: 14514, Time: 00:30:53

Health: -2/104     AC: 18    Str: 31    XL:     12   Next: 1%
Magic:  12/12      EV:  9    Int:  7    God:    Lugonu [******]
Gold:   629        SH: 17    Dex: 12    Spells: 11/11 levels left

rFire   x . .      SeeInvis .   I - +6 flail (chaos)
rCold   + + .      Faith    .   e - +1 kite shield {rN+}
rNeg    + . .      Spirit   .   O - +0 ice dragon scales
rPois   .          Reflect  +   K - +1 hat
rElec   .          Harm     .   i - +0 cloak {Will+}
rCorr   .          Rampage  .   w - +0 pair of gloves {Str+3}
Will    ++...                   r - +0 pair of boots
Stlth   ..........              o - amulet of reflection
HPRegen 0.27/turn               j - ring of willpower
MPRegen 0.13/turn               P - +6 ring of strength

@: spiked
A: horns 2, retaliatory headbutt
a: Renounce Religion, Depart the Abyss, Bend Space, Banish, Corrupt, Enter the
Abyss, Brand Weapon With Distortion


You were on level 11 of the Dungeon.
You worshipped Lugonu.
Lugonu was exalted by your worship.
You visited 1 branch of the dungeon, and saw 11 of its levels.
You visited the Abyss 1 time.
You also visited: Sewer.

You collected 629 gold pieces.

Inventory:

Hand Weapons
 q - a +2 flail of protection
 I - a +6 flail of chaos (weapon)
Missiles
 g - 17 poisoned darts (quivered)
 m - a throwing net
Armour
 b - a +0 tower shield
 e - a +1 kite shield of positive energy (worn)
 i - a +0 cloak of willpower (worn)
 r - a +0 pair of boots (worn)
 w - a +0 pair of gloves of strength (worn)
 x - a +0 chain mail
 K - a +1 hat (worn)
 O - +0 ice dragon scales (worn)
Jewellery
 j - a ring of willpower (left hand)
 o - an amulet of reflection (around neck)
 B - a ring of flight
 N - a +4 ring of protection
 P - a +6 ring of strength (right hand)
Wands
 c - a wand of polymorph (27)
 d - a wand of charming (1)
 v - a wand of mindburst (10)
 z - a wand of quicksilver (10)
 Q - a wand of flame (15)
Scrolls
 a - 4 scrolls of identify
 u - 2 scrolls of blinking
 y - a scroll of poison
 A - a scroll of teleportation
 F - 2 scrolls of enchant weapon
 H - a scroll of summoning
 J - a scroll of amnesia
 R - a scroll of enchant armour {unknown}
Potions
 f - 2 potions of degeneration
 h - a potion of heal wounds
 k - a potion of berserk rage {unknown}
 l - 2 potions of flight
 n - 3 potions of brilliance
 p - 5 potions of mutation
 s - 2 potions of might
 t - a potion of curing
 C - 2 potions of haste
 D - a potion of invisibility {unknown}
 E - 3 potions of magic {unknown}
 G - 2 potions of lignification {unknown}
 L - a potion of attraction {unknown}


   Skills:
 + Level 9.2 Fighting
 + Level 15.2 Maces & Flails
 - Level 1.0 Throwing
 * Level 10.7 Armour
 - Level 1.1 Dodging
 + Level 11.8 Shields
 - Level 1.7 Invocations


You had 11 spell levels left.
You didn't know any spells.
Your spell library contained the following spells:

 Spells                   Type           Power      Damage    Failure   Level
 Summon Small Mammal      Summ           0%         N/A       88%         1
 Scorch                   Fire           0%         2d5       96%         2
 Static Discharge         Conj/Air       0%         3-3/arc   96%         2
 Sublimation of Blood     Necr           0%         N/A       96%         2
 Wereblood                Tmut           0%         N/A       96%         2
 Call Canine Familiar     Summ           0%         N/A       99%         3
 Gell's Gravitas          Tloc           0%         N/A       99%         3
 Lesser Beckoning         Tloc           0%         N/A       99%         3
 Summon Guardian Golem    Hex/Summ       0%         N/A       99%         3
 Teleport Other           Tloc           0%         N/A       99%         3
 Dispel Undead            Necr           0%         3d6       100%        4
 Flame Wave               Conj/Fire      0%         2d4       100%        4
 Sticky Flame             Conj/Fire      0%         2d3       100%        4
 Summon Cactus Giant      Summ           0%         N/A       100%        6
 Summon Hydra             Summ           0%         N/A       100%        7


Dungeon Overview and Level Annotations

Branches:
Dungeon (11/15)            Temple (0/1) D:7            Lair (0/5) D:9
  Sewer (visited)
    Orc: D:9-12

Altars:
Ashenzari
Kikubaaqudgha
Makhleb
Nemelex Xobeh
Okawaru
Ru
Sif Muna
Vehumet
Wu Jian
Xom

Shops:
D:9 *   D:10 *(


Innate Abilities, Weirdness & Mutations

You have a pair of horns on your head.
You reflexively headbutt those who attack you in melee.


Message History

The volley of spikes hits you.
The barbed spikes become lodged in your body.
You throw a poisoned dart. The poisoned dart hits the manticore.
The manticore is poisoned.
You hear a splash.
You sock the manticore!
The manticore flickers and vanishes!
Deactivating autopickup; reactivate with Ctrl-A.
Something bites you!
Something claws you but does no damage. x2
The barbs in your skin will harm you if you move.
Continue?
Okay, then.
Something bites you but does no damage. Something claws you. x2
Something bites you. Something claws you but does no damage.
Something claws you.
The barbs in your skin will harm you if you move.
Continue?
Okay, then.
As you read the scroll of fog, it crumbles to dust.
The scroll dissolves into smoke.
Something bites you!
* * * LOW HITPOINT WARNING * * *
Something claws you but does no damage. Something claws you!
* * * LOW HITPOINT WARNING * * *
The barbs in your skin will harm you if you move.
Continue? [Y]es or [N]o only, please.
The barbs in your skin will harm you if you move.
Continue?
Okay, then.
Hit: I) +6 flail (chaos)
Press: ? - help, Dir - move target
Aim: Disturbance (purple smoke)
You thump something! You burn something. You headbutt something.
You block something's attack.
Something claws you but does no damage. x2
Hit: I) +6 flail (chaos)
Press: ? - help, Dir - move target
Aim: Disturbance (purple smoke)
You barely miss something.
Hit: I) +6 flail (chaos)
Press: ? - help, Dir - move target
Aim: Disturbance (purple smoke)
You closely miss something. You headbutt something. Something bites you!
* * * LOW HITPOINT WARNING * * *
Something claws you but does no damage. Something claws you.
You die...

#..# #.# #....#. ####..#
#.###.#....
.###.....#####.....##.#.
...................##...
......................
#.###....#..###.###..
#.#.§§§....#........'..
#...§§§§§..#..##.#<##<.
#.#.##@§#+#≈..#....#†##
#≈({§§§≈≈~~~...~~~≈≈≈
≈≈≈≈≈≈§~~≈≈~≈≈~~~≈≈≈≈≈≈≈
≈≈≈≈≈≈≈≈≈≈≈≈≈≈≈≈≈≈≈≈≈≈≈≈
≈≈≈~≈≈≈≈≈≈≈≈≈≈≈≈≈≈~≈≈≈≈~
≈≈.~.~≈≈≈≈≈≈≈≈≈≈~~.~≈#≈≈
##.#.#~≈~≈≈≈#≈~~....####
#.#[#.~~.####. .


There were no monsters in sight!

Vanquished Creatures
  Erolcha (D:9)
  2 two-headed ogres
  A tengu warrior (D:8)
  A deep elf pyromancer (D:9)
  A manticore (D:9)
  An ugly thing (D:11)
  A smoke demon (D:10)
  2 komodo dragons
  3 trolls
  2 water elementals (D:11)
  3 wraiths
  2 wyverns (D:9)
  Sigmund (D:3)
  2 shadows
  17 yaks
  A steam dragon (D:9)
  Menkaure (D:6)
  6 acid dragons
  5 water moccasins
  2 sky beasts
  2 black bears
  4 orc warriors
  3 ice beasts
  3 ogres
  4 centaurs
  2 phantoms
  Blork the orc (D:6)
  5 bullfrogs
  3 necrophages
  A gnoll sergeant (D:9)
  4 scorpions
  9 wights
  20 killer bees
  6 howler monkeys
  5 electric eels (D:11)
  2 hounds
  2 jellies
  9 orc priests
  Crazy Yiuf (D:3)
  2 gnoll boudas
  Jessica (D:3)
  An orc wizard (D:7)
  11 gnolls
  A river rat (D:5)
  9 adders
  A white imp (D:6)
  An ufetubus (D:6)
  4 worms
  4 dart slugs
  23 orcs
  10 endoplasms
  7 giant cockroaches
  12 hobgoblins
  4 jackals (D:4)
  21 kobolds
  7 quokkas
  10 ball pythons
  8 bats
  5 frilled lizards
  7 goblins
  6 rats
  A bush (D:7)
297 creatures vanquished.

Vanquished Creatures (others)
  2 fungi (D:3)
2 creatures vanquished.

Grand Total: 299 creatures vanquished

Notes
Turn   | Place    | Note
-------+----------+-------------------------------------------
     0 | Abyss:1  | nickcage the Minotaur Abyssal Knight began the quest for
                  | the Orb.
     0 | Abyss:1  | Reached XP level 1. HP: 19/19 MP: 1/1
     1 | D:1      | Escaped the Abyss
    35 | D:1      | Reached skill level 3 in Maces & Flails
   143 | D:1      | Reached XP level 2. HP: 26/26 MP: 2/2
   188 | D:1      | Found a faded altar of an unknown god.
   440 | D:1      | Reached skill level 4 in Maces & Flails
   701 | D:2      | Reached XP level 3. HP: 18/31 MP: 3/3
   985 | D:2      | Reached *** piety under Lugonu
  1177 | D:2      | Reached skill level 5 in Maces & Flails
  1346 | D:2      | Reached XP level 4. HP: 30/39 MP: 4/4
  2245 | D:3      | Noticed Sigmund
  2251 | D:3      | Identified a scroll of acquirement
  2251 | D:3      | Acquired a +1 kite shield of positive energy
  2274 | D:3      | Killed Sigmund
  2275 | D:3      | Reached skill level 7 in Maces & Flails
  2275 | D:3      | Reached XP level 5. HP: 35/45 MP: 5/5
  2373 | D:3      | Noticed Jessica
  2382 | D:3      | Killed Jessica
  2383 | D:3      | Reached skill level 1 in Shields
  2443 | D:3      | Found a sacrificial altar of Ru.
  2734 | D:3      | Reached XP level 6. HP: 51/51 MP: 6/6
  2873 | D:3      | Found a runed translucent door.
  2874 | D:3      | Noticed Crazy Yiuf
  2881 | D:3      | Killed Crazy Yiuf
  3860 | D:4      | Reached skill level 8 in Maces & Flails
  4170 | D:4      | Reached **** piety under Lugonu
  4210 | D:4      | Reached skill level 1 in Throwing
  4314 | D:4      | Reached XP level 7. HP: 57/57 MP: 7/7
  4491 | D:4      | Reached skill level 9 in Maces & Flails
  4913 | D:5      | Entered Level 5 of the Dungeon
  4916 | D:5      | Found a shimmering altar of Xom.
  4949 | D:5      | Found a sparkling altar of Nemelex Xobeh.
  4950 | D:5      | Noticed a yak
  4962 | D:5      | Killed a yak
  4963 | D:5      | Reached skill level 10 in Maces & Flails
  5021 | D:5      | Noticed a shadow
  5031 | D:5      | Killed a shadow
  5032 | D:5      | Reached XP level 8. HP: 49/64 MP: 8/8
  5056 | D:5      | Reached skill level 11 in Maces & Flails
  5123 | D:5      | Found a glowing drain.
  5131 | Sewer    | Entered a sewer
  5332 | Sewer    | Reached ***** piety under Lugonu
  5728 | D:5      | Reached skill level 12 in Maces & Flails
  6014 | D:6      | Reached skill level 5 in Shields
  6408 | D:6      | Reached XP level 9. HP: 56/71 MP: 9/9
  6510 | D:6      | Noticed Blork the orc
  6540 | D:6      | Killed Blork the orc
  6821 | D:6      | Found an iron altar of Okawaru.
  6865 | D:6      | Noticed Menkaure
  6871 | D:6      | Killed Menkaure
  7336 | D:7      | Reached skill level 5 in Fighting
  7343 | D:7      | Found a staircase to the Ecumenical Temple.
  7749 | D:7      | Reached skill level 13 in Maces & Flails
  7982 | D:7      | Reached skill level 5 in Armour
  8444 | D:7      | Reached XP level 10. HP: 83/83 MP: 10/10
  8520 | D:8      | Noticed a two-headed ogre
  8528 | D:8      | Killed a two-headed ogre
  9345 | D:8      | Found a radiant altar of Vehumet.
  9562 | D:8      | Noticed a tengu warrior
  9563 | D:8      | Found the +9 staff of Wucad Mu {*channel}
  9581 | D:8      | Killed a tengu warrior
  9582 | D:8      | Reached skill level 14 in Maces & Flails
 10016 | D:8      | Found a shimmering blue altar of Sif Muna.
 10020 | D:8      | Found an ancient bone altar of Kikubaaqudgha.
 10395 | D:9      | Found Zeodgh's Serpentskin Sales.
 10453 | D:9      | Noticed Erolcha
 10466 | D:9      | Killed Erolcha
 10896 | D:9      | Found a runed translucent door.
 10930 | D:9      | Found a staircase to the Lair.
 10996 | D:9      | Reached ****** piety under Lugonu
 11078 | D:9      | Reached XP level 11. HP: 77/93 MP: 11/11
 11176 | D:9      | Found a runed translucent door.
 11399 | D:9      | Reached skill level 10 in Shields
 11831 | D:9      | Noticed a deep elf pyromancer
 11836 | D:9      | Killed a deep elf pyromancer
 12284 | D:10     | Entered Level 10 of the Dungeon
 12361 | D:10     | Found a burning altar of Makhleb.
 12705 | D:10     | Found a broken altar of Ashenzari.
 12819 | D:10     | Found an ornate altar of the Wu Jian Council.
 12868 | D:10     | Found Qalali's Antique Weapon Emporium.
 12955 | D:10     | Reached skill level 15 in Maces & Flails
 13121 | D:10     | Reached skill level 10 in Armour
 13256 | D:10     | Found Bicyinko's Assorted Antiques.
 13541 | D:11     | Noticed a white ugly thing
 13549 | D:11     | Killed a white ugly thing
 13795 | D:11     | Noticed a two-headed ogre
 13805 | D:11     | Killed a two-headed ogre
 13933 | D:11     | Reached XP level 12. HP: 80/104 MP: 12/12
 14514 | D:11     | HP: 4/104 [something (11)]
 14514 | D:11     | Slain by a manticore

Illustrated notes

Levels and vault maps discovered:
D:1:      ebering_hopf_link, layout_basic, chequers_ecumenical_altar_island
D:2:      layout_basic, chequers_mini_garden, lemuel_flame_loot_1
D:3:      layout_basic, overflow_temple_1_default, kennysheep_cluttered_room,
          uniq_sigmund, uniq_jessica, uniq_crazy_yiuf_cottage
D:4:      layout_loops_ring, enter_ossuary_2
D:5:      layout_cave_pools, gup_sewer_entry_bubbles, hangedman_feature_mirror
D:6:      kennysheep_six_static_rooms, layout_basic,
          nicolae_overflow_crystal_walls, sigmund_army, uniq_menkaure,
          uniq_blork_the_orc
D:7:      layout_basic, minmay_temple_entry_sparse_star,
          kb_lookout_dungeons_type, kennysheep_potato
D:8:      layout_layer_cave, nicolae_vehumet_altar_sigil,
          nicolae_overflow_hidden_temple, dk_vineyard_3,
          small_chamber_with_monster, nicolae_elevator_lobby_plus
D:9:      cheibrodos_histonic, layout_stronghold, lair_entry_dummy,
          guppyfry_shop_venom, uniq_erolcha
D:10:     layout_irregular_city, mainiacjoe_overflow_six_doors_small,
          cheibrodos_ashenzari_chains, demons_altar, serial_shops, shop,
          nicolae_shop_crystal
D:11:     layout_basic, orc_0_dummy

Skill      XL: |  1  2  3  4  5  6  7  8  9 10 11 |
---------------+----------------------------------+-----
Maces & Flails | 3 4 5 7 8 10 12 13 14 15 | 15.2
Shields        | 1 3 5 7 9 11 | 11.8
Throwing       | 1 |  1.0
Fighting       | 4 6 7 9 |  9.2
Armour         | 3 5 7 10 | 10.7
Dodging        | |  1.1
Invocations    | |  1.7

Action                   |  1- 3 |  4- 6 |  7- 9 | 10-12 || total
-------------------------+-------+-------+-------+-------++-------
Melee: Mace              |    80 |   109 |       |       ||   189
       Headbutt          |     6 |    22 |    65 |    80 ||   173
       Punch             |     1 |       |       |       ||     1
       Flail             |       |    11 |   331 |   414 ||   756
Throw: Dart              |       |     3 |     6 |    11 ||    20
  Use: Scroll            |       |     8 |     2 |    14 ||    24
       Potion            |       |     1 |     1 |     1 ||     3
Armor: Leather armour    |     3 |       |       |       ||     3
       Ring mail         |    27 |    26 |    30 |       ||    83
       Skin              |       |     6 |       |       ||     6
       Chain mail        |       |       |   121 |   141 ||   262
       Ice dragon scales |       |       |       |    12 ||    12
Dodge: Dodged            |    44 |    41 |    78 |    71 ||   234
Block: Kite shield       |       |    37 |   143 |   224 ||   404
